 Dungeon Crawl Stone Soup version 0.28-a0-1624-g820543e53a (webtiles) character file.

Game seed: 3742500171351390057

105 croobank the Firebug (level 4, 0/29 HPs)
             Began as a Draconian Fire Elementalist on Jan 24, 2022.
             Succumbed to a goblin's poison
             ... on level 3 of the Dungeon.
             The game lasted 00:09:04 (2168 turns).

croobank the Firebug (Draconian Fire Elementalist)  Turns: 2168, Time: 00:09:05

Health: 0/29       AC:  7    Str: 11    XL:     4   Next: 53%
Magic:  2/8        EV: 12    Int: 17    God:
Gold:   109        SH:  0    Dex: 13    Spells: 5/8 levels left

rFire   . . .      SeeInvis .   a - +0 rapier
rCold   . . .      Faith    .   (no shield)
rNeg    . . .      Spirit   .   (armour unavailable)
rPois   .          Reflect  .   (helmet restricted)
rElec   .          Harm     .   (no cloak)
rCorr   .          Rampage  .   (no gloves)
Will    .....                   e - +1 pair of boots
Stlth   ++........              (no amulet)
HPRegen 0.09/turn               (no ring)
MPRegen 0.11/turn               (no ring)

@: lethally poisoned (0 -> -26), very slightly contaminated
A: AC +5, unfitting armour, cold-blooded, stinger 1, agile 1, frail 1
a: no special abilities


You were on level 3 of the Dungeon.
You visited 1 branch of the dungeon, and saw 3 of its levels.

You collected 109 gold pieces.

Inventory:

Hand Weapons
 a - a +0 rapier (weapon)
 b - a +0 short sword
Missiles
 c - 51 stones
 f - 23 sling bullets
 i - 15 bolts
Armour
 e - a +1 pair of boots (worn)
Potions
 d - a potion of invisibility
 g - a potion of curing
 h - 2 potions of brilliance {unknown}
 k - a potion of heal wounds {unknown}


   Skills:
 + Level 2.4 Dodging
 + Level 2.5 Stealth
 + Level 2.7 Spellcasting
 + Level 2.0 Conjurations
 + Level 3.5 Fire Magic


You had 5 spell levels left.
You knew the following spells:

 Your Spells              Type           Power      Damage    Failure   Level
a - Foxfire               Conj/Fire      44%        2x1d6     6%          1
b - Scorch                Fire           28%        2d6       6%          2

Your spell library contained the following spells:

 Spells                   Type           Power      Damage    Failure   Level
 Conjure Flame            Conj/Fire      11%        6-21      17%         3
 Inner Flame              Hex/Fire       8%         N/A       26%         3
 Flame Wave               Conj/Fire      11%        2d5       50%         4


Dungeon Overview and Level Annotations

Branches:
Dungeon (3/15)

Altars:


Innate Abilities, Weirdness & Mutations

Your plain brown scales are hard. (AC +5)
You cannot fit into any form of body armour.
You are cold-blooded and may be slowed by cold attacks.
Your tail ends in a venomous barb.
You are agile. (Dex +2)
You are frail. (-10% HP)


Message History

The jackal barks!
Your tail-slap misses the goblin.
You feel very sick.
The goblin hits you with a +2 dagger of venom.
The goblin hits you but does no damage.
You are more poisoned.
You hit the goblin.
The goblin is severely wounded.
You feel very sick. The goblin hits you but does no damage.
You are more poisoned.
You miss the goblin.
The goblin is severely wounded.
You feel very sick. The goblin hits you but does no damage.
Casting: Scorch (safe; 6% risk of failure)
Confirm with . or Enter, or press ? or * to list all spells.
You miscast Scorch.
You are very lightly contaminated with residual magic.
Nothing appears to happen.
You feel very sick. The jackal closely misses you.
The goblin barely misses you.
Casting: Scorch (safe; 6% risk of failure)
Confirm with . or Enter, or press ? or * to list all spells.
Flames lash the jackal.
You kill the jackal!
You feel very sick.
You hear a bark!
The goblin hits you with a +2 dagger of venom.
You are more poisoned.
* * * LOW HITPOINT WARNING * * *
You feel very sick. The goblin hits you but does no damage.
You are more poisoned.
There is a stone staircase leading down here.
Casting: Scorch (safe; 6% risk of failure)
Confirm with . or Enter, or press ? or * to list all spells.
Flames lash the goblin.
You kill the goblin!
You die...

*,,,,* #.#### #.# *,****,,
*,,,,**#....###.# *,,* ***
*,,,,,*####..##.# **,***
***,*,,* ##.##.# *,,,*
*,**,* #..#.####***,*
*,*#,* ##......# *,***
*,*#.###* ###.##.###*,,,*
*.##....#####.##....***,*
*.....>)@..)......#,,**,,
*#######.............,,,,
##†........###***,
#.........# *, *******
#.........#******
*,,,,,****#.........#*,,,,,
*,,,,,,,,,............,****
*,,,,,***#......###...*****
******* *#........,..,,,,,,


There were no monsters in sight!

Vanquished Creatures
  4 adders
  A worm (D:2)
  2 dart slugs (D:2)
  3 orcs
  9 ball pythons
  5 endoplasms
  A giant cockroach (D:2)
  4 goblins
  3 hobgoblins
  A jackal (D:3)
  5 kobolds
  4 quokkas
  5 bats
  4 frilled lizards
  7 rats
58 creatures vanquished.

Vanquished Creatures (others)
  53 foxfires
53 creatures vanquished.

Grand Total: 111 creatures vanquished

Notes
Turn   | Place    | Note
-------+----------+-------------------------------------------
     0 | D:1      | croobank the Draconian Fire Elementalist began the quest
                  | for the Orb.
     0 | D:1      | Reached XP level 1. HP: 14/14 MP: 3/3
   472 | D:1      | Reached XP level 2. HP: 20/20 MP: 1/5
   559 | D:1      | Learned a level 2 spell: Scorch
  1175 | D:2      | Reached XP level 3. HP: 26/26 MP: 1/6
  1456 | D:2      | Reached XP level 4. HP: 33/33 MP: 4/7
  1459 | D:2      | Gained mutation: Your body sometimes deteriorates upon
                  | taking damage. [potion of mutation]
  1459 | D:2      | Gained mutation: You are clumsy. (Dex -2) [potion of
                  | mutation]
  1459 | D:2      | Gained mutation: Your tail ends in a venomous barb. [potion
                  | of mutation]
  1460 | D:2      | Lost mutation: You are clumsy. (Dex -2) [potion of
                  | mutation]
  1460 | D:2      | Lost mutation: Your body sometimes deteriorates upon taking
                  | damage. [potion of mutation]
  1460 | D:2      | Gained mutation: You are frail. (-10% HP) [potion of
                  | mutation]
  1460 | D:2      | Gained mutation: You are agile. (Dex +2) [potion of
                  | mutation]
  1660 | D:2      | Found a faded altar of an unknown god.
  2168 | D:3      | Succumbed to a goblin's poison

Illustrated notes

Levels and vault maps discovered:
D:1:      mrwooster_arrival_arrow, layout_basic, minmay_pentomino_v4
D:2:      layout_rooms, ebering_ecumenical_altar_rust, minmay_ruptured
D:3:      layout_rooms

Skill      XL: |  1  2  3  4 |
---------------+-------------+-----
Stealth        | 2 |  2.5
Dodging        | 2 |  2.4
Conjurations   | 2 |  2.0
Spellcasting   | |  2.7
Fire Magic     | |  3.5

Action                   |  1- 3 |  4- 6 || total
-------------------------+-------+-------++-------
Melee: Unarmed           |     1 |       ||     1
       Tailslap          |     1 |       ||     1
       Short sword       |     6 |       ||     6
       Rapier            |    30 |    11 ||    41
 Cast: Foxfire           |    25 |     9 ||    34
       Scorch            |    13 |    16 ||    29
  Use: Scroll            |     4 |     3 ||     7
       Potion            |       |     2 ||     2
Armor: Skin              |    24 |     7 ||    31
Dodge: Dodged            |    37 |    15 ||    52

Table legend: (Time is in decaauts)
 A = Elapsed time spent in this place.
 B = Non-inter-level travel time spent in this place.
 C = Inter-level travel time spent in this place.
 D = Time resting spent in this place.
 E = Time spent auto-exploring this place.
 F = Levels seen in this place.
 G = Mean time per level.
                   A        B        C        D        E       F      G
               +--------+--------+--------+--------+--------+-----+--------+
         Total |   2176 |   2102 |     74 |      0 |   1638 |   3 |  725.3 |
       Dungeon |   2176 |   2102 |     74 |      0 |   1638 |   3 |  725.3 |
               +--------+--------+--------+--------+--------+-----+--------+

Top non-repeatable levels by time:
     D:1: 1083 daAuts
     D:2: 980 daAuts
     D:3: 112 daAuts
